General information
- name: BNet
- type: Ladder team game (AT/RT)
- host: Battle.net
- saver: b.lizzrdSuksDik
map: Northshire_LV
- players: 8
- length: 67:04
- speed: Fast
- version: 1.29 W3XP
- replay type: Public
» download(618 KB)
Players
team 1 (loser)
NBA123 (
orange | 55 APM | 2854 actions | 51:55)
6 Tauren Chieftain
2 War Stomp
3 Endurance Aura
1 Reincarnation
5 Shadow Hunter
3 Healing Wave
2 Hex
1 Blademaster
1 Wind Walk
» actions
| Basic commands | 30 | |
| Build / train | 108 | |
| Enter build submenu | 33 | |
| Enter hero's abilities submenu | 12 | |
| Give item / drop item | 1 | |
| Right click | 844 | |
| Select / deselect | 1713 | |
| Use ability | 107 | |
2854 total
» units
| Peon | 19 | |
| Grunt | 4 | |
| Troll Headhunter/Berserker | 20 | |
| Shaman | 8 | |
| Troll Witch Doctor | 6 | |
| Demolisher | 6 | |
63 total
» upgrades
| Ranged Weapons | 3 | |
| Armor | 3 | |
| Troll Regeneration | 1 | |
| Shaman Training | 2 | |
| Melee Weapons | 3 | |
| Reinforced Defenses | 1 | |
| Berserker Upgrade | 1 | |
| Pillage | 1 | |
| Spiked Barricades | 1 | |
| Witch Doctor Training | 2 | |
| Burning Oil | 1 | |
19 total
» buildings
| Altar of Storms | 1 | |
| Orc Burrow | 8 | |
| Barracks | 2 | |
| Voodoo Lounge | 1 | |
| War Mill | 1 | |
| Stronghold | 1 | |
| Great Hall | 5 | |
| Spirit Lodge | 2 | |
| Fortress | 1 | |
| Watch Tower | 11 | |
33 total
» build order
00:08 Altar of Storms
00:11 Orc Burrow
00:55 Barracks
01:33 Orc Burrow
02:02 Voodoo Lounge
02:36 War Mill
03:15 Orc Burrow
04:18 Stronghold
05:31 Great Hall
06:23 Orc Burrow
07:42 Spirit Lodge
08:44 Orc Burrow
09:25 Fortress
09:41 Watch Tower
09:47 Watch Tower
10:55 Watch Tower
10:57 Watch Tower
13:14 Orc Burrow
13:27 Spirit Lodge
15:13 Orc Burrow
15:59 Barracks
16:21 Orc Burrow
18:02 Watch Tower
24:23 Great Hall
24:26 Watch Tower
26:35 Watch Tower
27:48 Great Hall
27:58 Watch Tower
28:00 Watch Tower
28:02 Watch Tower
28:04 Watch Tower
32:25 Great Hall
33:52 Great Hall
» items
| Healing Salve | 3 | |
| Scroll of Town Portal | 4 | |
| Orb of Lightning | 1 | |
| Potion of Healing | 1 | |
9 total
ShaggyDI (
purple | 43 APM | 2228 actions | 52:08)
7 Mountain King
3 Storm Bolt
3 Bash
1 Avatar
5 Paladin
3 Holy Light
1 Divine Shield
1 Devotion Aura
4 Archmage
2 Blizzard
2 Brilliance Aura
» actions
| Assign group hotkey | 1 | |
| Basic commands | 86 | |
| Build / train | 154 | |
| ESC pressed | 4 | |
| Enter build submenu | 27 | |
| Enter hero's abilities submenu | 17 | |
| Give item / drop item | 7 | |
| Right click | 853 | |
| Select / deselect | 891 | |
| Select group hotkey | 9 | |
| Use ability | 179 | |
2228 total
» units
| Peasant | 17 | |
| Rifleman | 21 | |
| Goblin Shredder | 1 | |
| Sorceress | 8 | |
| Goblin Zeppelin | 1 | |
| Priest | 17 | |
| Spell Breaker | 10 | |
| Mortar Team | 4 | |
79 total
» upgrades
| Gunpowder | 3 | |
| Armor | 3 | |
| Long Rifles | 1 | |
| Lumber Harvesting | 2 | |
| Masonry | 3 | |
| Sorceress Training | 2 | |
| Priest Training | 2 | |
| Control Magic | 1 | |
| Fragmentation Shards | 1 | |
18 total
» buildings
| Blacksmith | 1 | |
| Farm | 11 | |
| Altar of Kings | 1 | |
| Barracks | 1 | |
| Arcane Vault | 1 | |
| Keep | 1 | |
| Lumber Mill | 1 | |
| Town Hall | 6 | |
| Castle | 1 | |
| Arcane Sanctum | 2 | |
| Scout Tower | 5 | |
| Guard Tower | 3 | |
| Workshop | 2 | |
36 total
» build order
01:01 Blacksmith
01:03 Farm
01:04 Altar of Kings
01:07 Barracks
01:19 Farm
02:11 Farm
02:34 Farm
02:44 Farm
03:25 Farm
03:39 Farm
05:25 Arcane Vault
07:02 Keep
07:05 Lumber Mill
07:48 Farm
07:50 Farm
09:11 Town Hall
11:47 Castle
11:50 Arcane Sanctum
12:01 Arcane Sanctum
13:07 Farm
21:11 Farm
23:54 Town Hall
23:56 Scout Tower
23:56 Scout Tower
23:57 Scout Tower
23:57 Scout Tower
23:58 Scout Tower
26:14 Guard Tower
26:16 Guard Tower
26:18 Guard Tower
29:59 Town Hall
30:06 Workshop
30:38 Workshop
37:53 Town Hall
37:56 Town Hall
39:57 Town Hall
» items
| Scroll of Regeneration | 5 | |
| Lesser Clarity Potion | 10 | |
| Potion of Healing | 4 | |
| Potion of Mana | 3 | |
| Boots of Speed | 3 | |
| Potion of Lesser Invulnerability | 1 | |
| Scroll of Town Portal | 4 | |
| Periapt of Vitality | 2 | |
32 total

»
deltahedge (
yellow | 41 APM | 2773 actions | 67:03)
5 Archmage
3 Summon Water Elemental
2 Brilliance Aura
5 Paladin
3 Holy Light
2 Divine Shield
2 Dark Ranger
1 Black Arrow
1 Life Drain
» actions
| Assign group hotkey | 49 | |
| Basic commands | 93 | |
| Build / train | 116 | |
| ESC pressed | 3 | |
| Enter build submenu | 50 | |
| Enter hero's abilities submenu | 12 | |
| Remove unit from queue | 1 | |
| Right click | 784 | |
| Select / deselect | 700 | |
| Select group hotkey | 775 | |
| Use ability | 189 | |
2773 total
» units
| Peasant | 18 | |
| Footman | 12 | |
| Spell Breaker | 7 | |
| Mortar Team | 8 | |
| Goblin Zeppelin | 2 | |
| Priest | 2 | |
49 total
» upgrades
| Plating | 2 | |
| Swords | 1 | |
| Magic Sentry | 1 | |
| Flare | 1 | |
| Masonry | 3 | |
| Priest Training | 2 | |
| Gunpowder | 1 | |
| Fragmentation Shards | 1 | |
| Lumber Harvesting | 1 | |
13 total
» buildings
| Altar of Kings | 1 | |
| Farm | 9 | |
| Barracks | 1 | |
| Arcane Vault | 2 | |
| Lumber Mill | 2 | |
| Scout Tower | 33 | |
| Keep | 1 | |
| Arcane Tower | 3 | |
| Blacksmith | 2 | |
| Arcane Sanctum | 1 | |
| Guard Tower | 14 | |
| Workshop | 1 | |
| Town Hall | 5 | |
| Castle | 1 | |
76 total
» build order
00:14 Altar of Kings
00:18 Farm
01:01 Barracks
01:20 Farm
01:38 Arcane Vault
01:49 Lumber Mill
02:42 Farm
03:25 Scout Tower
03:28 Keep
03:55 Arcane Tower
03:58 Blacksmith
04:28 Blacksmith
04:53 Scout Tower
05:20 Farm
06:21 Arcane Tower
06:35 Arcane Vault
07:34 Scout Tower
07:37 Scout Tower
07:57 Arcane Sanctum
08:07 Guard Tower
08:17 Guard Tower
08:41 Farm
09:54 Farm
11:55 Workshop
12:14 Scout Tower
12:49 Guard Tower
12:55 Scout Tower
13:24 Guard Tower
13:27 Scout Tower
14:00 Guard Tower
14:03 Farm
15:05 Town Hall
17:48 Scout Tower
17:54 Scout Tower
17:56 Scout Tower
18:00 Scout Tower
18:02 Scout Tower
18:04 Scout Tower
19:15 Guard Tower
19:44 Guard Tower
19:44 Guard Tower
20:09 Lumber Mill
22:45 Castle
23:56 Farm
24:25 Farm
24:34 Scout Tower
24:35 Scout Tower
24:44 Scout Tower
24:47 Scout Tower
24:47 Scout Tower
26:59 Guard Tower
27:03 Scout Tower
27:03 Scout Tower
27:06 Scout Tower
27:07 Scout Tower
27:07 Scout Tower
27:08 Scout Tower
27:08 Scout Tower
27:09 Scout Tower
27:09 Scout Tower
27:09 Scout Tower
27:38 Guard Tower
28:35 Guard Tower
30:34 Town Hall
32:21 Guard Tower
39:15 Town Hall
41:23 Town Hall
41:29 Scout Tower
41:31 Scout Tower
43:57 Guard Tower
44:52 Guard Tower
46:00 Arcane Tower
46:43 Scout Tower
47:21 Scout Tower
47:47 Scout Tower
48:21 Guard Tower
49:38 Town Hall
» items
| Lesser Clarity Potion | 6 | |
| Scroll of Regeneration | 5 | |
| Scroll of Town Portal | 5 | |
| Potion of Lesser Invulnerability | 1 | |
| Periapt of Vitality | 1 | |
| Circlet of Nobility | 1 | |
19 total
gnarral (
blue | 62 APM | 4175 actions | 67:03)
9 Blademaster
3 Wind Walk
3 Critical Strike
1 Bladestorm
2 Mirror Image
» actions
| Assign group hotkey | 91 | |
| Basic commands | 376 | |
| Build / train | 123 | |
| Enter build submenu | 52 | |
| Enter hero's abilities submenu | 9 | |
| Give item / drop item | 26 | |
| Right click | 1590 | |
| Select / deselect | 543 | |
| Select group hotkey | 1052 | |
| Use ability | 313 | |
4175 total
» units
| Peon | 8 | |
| Grunt | 4 | |
| Goblin Shredder | 2 | |
| Assassin | 1 | |
| Troll Batrider | 5 | |
| Goblin Sapper | 27 | |
| Goblin Zeppelin | 6 | |
| Wind Rider | 9 | |
62 total
» upgrades
| Reinforced Defenses | 1 | |
| Armor | 3 | |
| Ranged Weapons | 3 | |
| Liquid Fire | 1 | |
| Troll Regeneration | 1 | |
| Envenomed Spears | 1 | |
| Melee Weapons | 2 | |
| Pillage | 1 | |
| Ensnare | 1 | |
14 total
» buildings
| Orc Burrow | 6 | |
| Altar of Storms | 1 | |
| Barracks | 1 | |
| Voodoo Lounge | 2 | |
| Stronghold | 1 | |
| War Mill | 1 | |
| Great Hall | 2 | |
| Fortress | 1 | |
| Watch Tower | 40 | |
| Beastiary | 6 | |
61 total
» build order
00:11 Orc Burrow
00:56 Orc Burrow
01:03 Altar of Storms
01:05 Barracks
01:47 Voodoo Lounge
02:53 Stronghold
03:53 Orc Burrow
04:33 War Mill
04:51 Great Hall
05:35 Fortress
06:12 Watch Tower
06:12 Watch Tower
06:13 Watch Tower
07:04 Watch Tower
07:05 Watch Tower
07:05 Watch Tower
07:11 Watch Tower
08:17 Watch Tower
08:18 Watch Tower
08:18 Watch Tower
11:47 Beastiary
11:48 Beastiary
11:49 Beastiary
11:52 Beastiary
11:59 Watch Tower
12:00 Watch Tower
12:00 Watch Tower
12:01 Watch Tower
16:20 Watch Tower
16:20 Watch Tower
16:21 Watch Tower
16:23 Watch Tower
16:23 Watch Tower
16:24 Watch Tower
21:42 Great Hall
21:45 Watch Tower
21:45 Watch Tower
21:46 Watch Tower
21:47 Watch Tower
21:51 Watch Tower
21:51 Watch Tower
21:52 Watch Tower
21:53 Watch Tower
21:55 Voodoo Lounge
21:57 Watch Tower
21:57 Watch Tower
21:59 Watch Tower
21:59 Watch Tower
22:01 Watch Tower
24:51 Watch Tower
24:52 Watch Tower
24:53 Watch Tower
24:56 Watch Tower
24:57 Watch Tower
24:58 Watch Tower
25:00 Watch Tower
26:40 Orc Burrow
26:44 Orc Burrow
26:46 Orc Burrow
27:02 Beastiary
27:03 Beastiary
» items
| Healing Salve | 10 | |
| Orb of Lightning | 2 | |
| Scroll of Protection | 2 | |
| Potion of Healing | 6 | |
| Potion of Mana | 3 | |
| Lesser Clarity Potion | 2 | |
| Scroll of Town Portal | 4 | |
| Staff of Teleportation | 3 | |
| Scroll of Healing | 1 | |
| Tiny Great Hall | 2 | |
35 total
team 2 (winner)

»
POSBOK (
pink | 106 APM | 2702 actions | 25:28)
3 Far Seer
2 Feral Spirit
1 Chain Lighting
3 Shadow Hunter
2 Healing Wave
1 Hex
» actions
| Assign group hotkey | 51 | |
| Basic commands | 42 | |
| Build / train | 55 | |
| Enter build submenu | 30 | |
| Enter hero's abilities submenu | 6 | |
| Give item / drop item | 3 | |
| Remove unit from queue | 3 | |
| Right click | 996 | |
| Select / deselect | 303 | |
| Select group hotkey | 1118 | |
| Use ability | 95 | |
2702 total
» units
| Peon | 8 | |
| Grunt | 5 | |
| Tauren | 9 | |
| Troll Witch Doctor | 5 | |
27 total
» upgrades
| Armor | 1 | |
| Pulverize | 1 | |
| Witch Doctor Training | 2 | |
| Reinforced Defenses | 1 | |
5 total
» buildings
| Altar of Storms | 1 | |
| Orc Burrow | 11 | |
| Barracks | 1 | |
| Voodoo Lounge | 2 | |
| Stronghold | 1 | |
| Fortress | 1 | |
| War Mill | 1 | |
| Tauren Totem | 2 | |
| Spirit Lodge | 2 | |
| Watch Tower | 8 | |
| Great Hall | 1 | |
31 total
» build order
00:09 Altar of Storms
00:22 Orc Burrow
00:36 Barracks
01:50 Voodoo Lounge
02:03 Orc Burrow
02:36 Stronghold
03:35 Orc Burrow
04:57 Fortress
05:17 Orc Burrow
05:24 War Mill
07:18 Tauren Totem
07:23 Tauren Totem
07:40 Spirit Lodge
09:34 Orc Burrow
09:37 Orc Burrow
11:06 Orc Burrow
11:08 Orc Burrow
11:10 Orc Burrow
11:24 Watch Tower
11:26 Watch Tower
11:48 Voodoo Lounge
12:29 Spirit Lodge
14:54 Watch Tower
15:01 Watch Tower
15:31 Watch Tower
16:10 Watch Tower
16:16 Watch Tower
17:46 Watch Tower
19:46 Orc Burrow
19:49 Orc Burrow
24:05 Great Hall
» items
| Healing Salve | 3 | |
| Lesser Clarity Potion | 3 | |
| Scroll of Town Portal | 3 | |
| Potion of Healing | 1 | |
10 total
DrizzleDrizzle (
green | 53 APM | 1366 actions | 25:52)
4 Shadow Hunter
2 Healing Wave
2 Hex
» actions
| Assign group hotkey | 11 | |
| Build / train | 87 | |
| Enter build submenu | 24 | |
| Enter hero's abilities submenu | 4 | |
| Give item / drop item | 3 | |
| Remove unit from queue | 6 | |
| Right click | 681 | |
| Select / deselect | 394 | |
| Select group hotkey | 54 | |
| Use ability | 102 | |
1366 total
» units
| Peon | 24 | |
| Grunt | 4 | |
| Wind Rider | 10 | |
| Troll Batrider | 9 | |
| Raider | 4 | |
51 total
» upgrades
| Ranged Weapons | 3 | |
| Spiked Barricades | 1 | |
| Armor | 2 | |
| Envenomed Spears | 1 | |
| Liquid Fire | 1 | |
| Reinforced Defenses | 1 | |
| Ensnare | 1 | |
10 total
» buildings
| Altar of Storms | 1 | |
| Orc Burrow | 6 | |
| Barracks | 1 | |
| Voodoo Lounge | 1 | |
| Stronghold | 1 | |
| Great Hall | 3 | |
| War Mill | 1 | |
| Beastiary | 2 | |
| Fortress | 1 | |
| Watch Tower | 13 | |
30 total
» build order
00:12 Altar of Storms
00:19 Orc Burrow
00:53 Barracks
01:33 Orc Burrow
02:16 Voodoo Lounge
03:15 Stronghold
04:40 Great Hall
04:51 War Mill
05:03 Orc Burrow
06:07 Beastiary
06:22 Beastiary
06:27 Fortress
07:49 Orc Burrow
09:41 Orc Burrow
13:00 Orc Burrow
14:32 Watch Tower
14:36 Watch Tower
14:43 Watch Tower
14:47 Watch Tower
15:43 Great Hall
16:05 Watch Tower
16:06 Watch Tower
16:06 Watch Tower
18:20 Watch Tower
19:42 Watch Tower
21:06 Watch Tower
21:07 Watch Tower
21:08 Watch Tower
21:09 Watch Tower
23:09 Great Hall
» items
| Healing Salve | 3 | |
| Lesser Clarity Potion | 4 | |
| Potion of Healing | 1 | |
| Orb of Lightning | 1 | |
| Potion of Mana | 1 | |
| Scroll of Town Portal | 3 | |
13 total
|c000042FFBlizz (
teal | 56 APM | 1458 actions | 25:56)
5 Mountain King
3 Storm Bolt
2 Bash
» actions
| Basic commands | 1 | |
| Build / train | 71 | |
| Enter build submenu | 23 | |
| Enter hero's abilities submenu | 5 | |
| Give item / drop item | 2 | |
| Remove unit from queue | 2 | |
| Right click | 834 | |
| Select / deselect | 477 | |
| Use ability | 43 | |
1458 total
» units
| Peasant | 12 | |
| Rifleman | 10 | |
| Goblin Shredder | 1 | |
| Knight | 21 | |
44 total
» upgrades
| Gunpowder | 2 | |
| Long Rifles | 1 | |
| Swords | 3 | |
| Animal War Training | 1 | |
| Plating | 3 | |
10 total
» buildings
| Altar of Kings | 1 | |
| Farm | 12 | |
| Blacksmith | 1 | |
| Barracks | 2 | |
| Keep | 1 | |
| Castle | 1 | |
| Lumber Mill | 1 | |
| Arcane Vault | 1 | |
| Town Hall | 1 | |
| Guard Tower | 2 | |
23 total
» build order
00:06 Altar of Kings
00:41 Farm
01:13 Blacksmith
02:05 Barracks
02:10 Barracks
02:21 Farm
03:00 Farm
03:10 Farm
03:39 Farm
05:18 Keep
07:20 Farm
07:49 Castle
08:28 Lumber Mill
10:21 Arcane Vault
10:44 Farm
14:34 Town Hall
15:18 Guard Tower
15:30 Guard Tower
15:41 Farm
15:42 Farm
15:44 Farm
15:45 Farm
17:42 Farm
» items
| Orb of Fire | 1 | |
| Potion of Healing | 1 | |
| Scroll of Town Portal | 1 | |
| Ivory Tower | 2 | |
5 total
b.lizzrdSuksDik (
red | 151 APM | 10111 actions | 67:04)
7 Archmage
3 Summon Water Elemental
3 Brilliance Aura
1 Mass Teleport
8 Mountain King
3 Storm Bolt
3 Bash
2 Avatar
5 Goblin Alchemist
2 Healing Spray
2 Chemical Rage
1 Acid Bomb
» actions
| Assign group hotkey | 146 | |
| Basic commands | 382 | |
| Build / train | 263 | |
| ESC pressed | 11 | |
| Enter build submenu | 95 | |
| Enter hero's abilities submenu | 20 | |
| Give item / drop item | 13 | |
| Right click | 3289 | |
| Select / deselect | 1606 | |
| Select group hotkey | 3599 | |
| Use ability | 687 | |
10111 total
» units
| Peasant | 13 | |
| Footman | 4 | |
| Rifleman | 11 | |
| Goblin Shredder | 2 | |
| Priest | 7 | |
| Spell Breaker | 5 | |
| Sorceress | 4 | |
| Mortar Team | 3 | |
| Demolisher | 4 | |
| Goblin Zeppelin | 2 | |
55 total
» upgrades
| Gunpowder | 3 | |
| Armor | 4 | |
| Long Rifles | 1 | |
| Lumber Harvesting | 2 | |
| Priest Training | 2 | |
| Sorceress Training | 2 | |
| Swords | 3 | |
| Animal War Training | 1 | |
| Fragmentation Shards | 1 | |
| Masonry | 4 | |
| Plating | 3 | |
| Barrage | 1 | |
| Flare | 1 | |
| Control Magic | 1 | |
| Storm Hammers | 1 | |
| Cloud | 1 | |
| Spiked Barricades | 2 | |
| Flak Cannons | 1 | |
| Flying Machine Bombs | 1 | |
| Magic Sentry | 1 | |
| Backpack | 1 | |
| Defend | 1 | |
38 total
» buildings
| Altar of Kings | 1 | |
| Barracks | 1 | |
| Farm | 13 | |
| Arcane Vault | 1 | |
| Blacksmith | 1 | |
| Keep | 2 | |
| Town Hall | 2 | |
| Scout Tower | 60 | |
| Lumber Mill | 1 | |
| Arcane Tower | 12 | |
| Castle | 2 | |
| Arcane Sanctum | 2 | |
| Guard Tower | 57 | |
| Workshop | 2 | |
| Gryphon Aviary | 3 | |
| Cannon Tower | 4 | |
| Watch Tower | 8 | |
| Great Hall | 1 | |
| Stronghold | 3 | |
| Altar of Storms | 1 | |
| Voodoo Lounge | 2 | |
| Fortress | 3 | |
182 total
» build order
00:33 Altar of Kings
00:37 Barracks
00:49 Farm
01:04 Farm
01:33 Farm
02:05 Arcane Vault
02:29 Farm
03:22 Blacksmith
03:50 Keep
03:50 Keep
04:28 Town Hall
05:23 Farm
05:28 Scout Tower
05:52 Lumber Mill
06:29 Arcane Tower
06:41 Castle
06:41 Castle
08:19 Scout Tower
08:20 Scout Tower
08:23 Arcane Sanctum
08:52 Guard Tower
09:09 Arcane Sanctum
09:15 Workshop
12:21 Workshop
12:24 Gryphon Aviary
12:28 Scout Tower
12:31 Scout Tower
12:59 Guard Tower
12:59 Guard Tower
13:05 Guard Tower
13:05 Guard Tower
13:08 Scout Tower
13:09 Scout Tower
13:10 Scout Tower
13:12 Scout Tower
14:07 Gryphon Aviary
14:10 Farm
14:11 Farm
14:15 Guard Tower
14:57 Farm
15:33 Scout Tower
15:34 Scout Tower
15:34 Scout Tower
15:40 Town Hall
15:45 Scout Tower
15:46 Scout Tower
15:47 Scout Tower
15:48 Scout Tower
15:51 Scout Tower
15:54 Scout Tower
15:57 Scout Tower
15:57 Scout Tower
15:59 Scout Tower
16:01 Scout Tower
16:14 Guard Tower
16:14 Guard Tower
16:16 Guard Tower
16:17 Guard Tower
16:17 Guard Tower
16:17 Guard Tower
16:19 Guard Tower
16:19 Guard Tower
16:47 Guard Tower
16:48 Guard Tower
16:49 Arcane Tower
17:09 Guard Tower
17:09 Guard Tower
17:09 Guard Tower
17:10 Guard Tower
17:30 Guard Tower
17:30 Guard Tower
17:31 Scout Tower
17:32 Scout Tower
17:34 Scout Tower
17:36 Scout Tower
17:38 Scout Tower
18:04 Guard Tower
18:04 Guard Tower
18:07 Arcane Tower
18:07 Arcane Tower
18:10 Cannon Tower
18:10 Cannon Tower
18:10 Guard Tower
18:10 Guard Tower
18:12 Guard Tower
18:12 Guard Tower
18:33 Gryphon Aviary
19:50 Guard Tower
19:50 Guard Tower
24:17 Farm
24:17 Farm
24:18 Farm
26:07 Scout Tower
26:08 Scout Tower
26:08 Scout Tower
26:09 Scout Tower
26:10 Scout Tower
26:10 Scout Tower
26:11 Scout Tower
26:14 Scout Tower
26:15 Scout Tower
26:15 Scout Tower
26:16 Scout Tower
26:33 Watch Tower
26:33 Watch Tower
26:34 Watch Tower
26:34 Watch Tower
26:37 Watch Tower
26:42 Scout Tower
26:43 Scout Tower
26:43 Scout Tower
26:44 Scout Tower
26:45 Scout Tower
27:20 Scout Tower
27:22 Scout Tower
27:22 Guard Tower
27:23 Guard Tower
27:23 Guard Tower
27:23 Guard Tower
27:23 Guard Tower
27:24 Guard Tower
27:24 Guard Tower
27:25 Guard Tower
27:25 Guard Tower
27:26 Scout Tower
27:28 Scout Tower
27:28 Guard Tower
27:28 Guard Tower
27:29 Scout Tower
27:32 Scout Tower
27:33 Scout Tower
27:50 Guard Tower
27:50 Guard Tower
27:56 Guard Tower
27:56 Guard Tower
28:02 Guard Tower
28:03 Guard Tower
28:25 Watch Tower
28:26 Watch Tower
28:26 Watch Tower
28:35 Guard Tower
28:35 Guard Tower
28:40 Scout Tower
28:40 Scout Tower
28:42 Scout Tower
28:44 Scout Tower
29:00 Farm
29:02 Farm
29:19 Cannon Tower
29:19 Cannon Tower
29:20 Arcane Tower
29:20 Arcane Tower
29:21 Arcane Tower
29:21 Arcane Tower
44:31 Scout Tower
45:00 Scout Tower
45:02 Arcane Tower
45:02 Arcane Tower
45:20 Scout Tower
45:46 Guard Tower
45:46 Guard Tower
45:47 Guard Tower
45:47 Guard Tower
49:24 Scout Tower
49:26 Scout Tower
49:34 Scout Tower
50:00 Guard Tower
50:01 Guard Tower
50:01 Guard Tower
50:01 Guard Tower
50:01 Arcane Tower
50:02 Arcane Tower
52:32 Great Hall
55:04 Stronghold
55:05 Stronghold
55:05 Stronghold
55:08 Altar of Storms
55:14 Voodoo Lounge
58:17 Fortress
58:17 Fortress
58:17 Fortress
60:22 Voodoo Lounge
» items
| Scroll of Regeneration | 6 | |
| Boots of Speed | 2 | |
| Mechanical Critter | 5 | |
| Orb of Fire | 1 | |
| Scroll of Town Portal | 8 | |
| Staff of Sanctuary | 1 | |
| Potion of Lesser Invulnerability | 4 | |
| Scroll of Protection | 4 | |
| Potion of Healing | 2 | |
| Periapt of Vitality | 2 | |
| Circlet of Nobility | 1 | |
| Orb of Lightning | 4 | |
| Tiny Great Hall | 1 | |
41 total
Chat log
(00:09 / All) b.lizzrdSuksDik: lol
(00:11 / All) b.lizzrdSuksDik: nice name teal
(00:21 / All) |c000042FFBlizz: REPORTED!
(00:46 / Allies) POSBOK: hi
(04:24 / Allies) |c000042FFBlizz: coming
(07:27 / Allies) POSBOK: torens inc
(08:57 / Allies) POSBOK: any wood
(09:55 / Allies) POSBOK: <3
(10:25 / Allies) DrizzleDrizzle: red tp
(11:36 / Allies) POSBOK: gj
(12:20 / Allies) POSBOK: ty
(12:25 / Allies) |c000042FFBlizz: np
(14:29 / Allies) POSBOK: im rdy
(14:39 / Allies) DrizzleDrizzle: blue has bats
(14:48 / Allies) POSBOK: tower ur halls
(15:19 / Allies) POSBOK: repair
(15:49 / Allies) DrizzleDrizzle: need lumber
(15:58 / Allies) DrizzleDrizzle: ty
(16:20 / Allies) b.lizzrdSuksDik: come
(16:21 / Allies) b.lizzrdSuksDik: defend
(16:23 / Allies) b.lizzrdSuksDik: they scouted my expo
(16:31 / Allies) |c000042FFBlizz: omw
(17:26 / Allies) b.lizzrdSuksDik: ty
(17:45 / Allies) b.lizzrdSuksDik: ty
(17:51 / Allies) b.lizzrdSuksDik: gj
(18:02 / Allies) POSBOK: someone get dispel
(19:10 / Allies) POSBOK: out
(22:28 / Allies) DrizzleDrizzle: b
(22:48 / Allies) POSBOK: tats game
(22:54 / Allies) b.lizzrdSuksDik: not over yet
(23:07 / Allies) POSBOK: bats are not helping
(23:11 / Allies) DrizzleDrizzle: getting raiders
(23:30 / Allies) DrizzleDrizzle: blue keep shutting down my expo so i have zero gold
(34:06 / All) ShaggyDI: blue wtf
(43:20 / All) deltahedge: blue be a fucking man
(44:35 / All) gnarral: I AM THE TERROR THAT FLAPS IN THE NIGHT
(44:45 / All) ShaggyDI: looking forward to TKing you every game in the future
(44:55 / All) b.lizzrdSuksDik: we tk you every game not the other way around
(44:59 / All) gnarral: YOU WISH NOOB
(49:10 / All) gnarral: what's sappenin'
(52:13 / All) gnarral: lol
(53:38 / All) gnarral: purple said to make us wait as longa s possible and kill all the buildings
(53:40 / All) gnarral: then bailed lol
(53:54 / All) b.lizzrdSuksDik: This game was fairly close
(53:57 / All) gnarral: I guess that's yellow's burden
(54:06 / All) b.lizzrdSuksDik: would've been a lot less close if I had established mid bot left expo